 Dungeon Crawl Stone Soup version 0.29-a0-620-g13ace881f2 (webtiles) character file.

Game seed: 15627139329440825050

3421 enile the Fighter (level 9, -6/81 HPs)
             Began as a Demigod Delver on June 19, 2022.
             Succumbed to Amaemon's poison
             ... on level 8 of the Dungeon.
             The game lasted 00:12:29 (7430 turns).

enile the Fighter (Demigod Delver)                  Turns: 7430, Time: 00:12:29

Health: -6/81      AC: 11    Str: 29    XL:     9   Next: 48%
Magic:  11/11      EV: 14    Int: 16    God:
Gold:   485        SH:  0    Dex: 19    Spells: 5/8 levels left

rFire   . . .      SeeInvis .   i - +3 long sword (vorpal)
rCold   . . .      Faith    .   (no shield)
rNeg    . . .      Spirit   .   o - +0 ring mail {Will+}
rPois   .          Reflect  .   u - +2 hat of the Albatross {Str+3}
rElec   .          Harm     .   (no cloak)
rCorr   .          Rampage  .   j - +2 pair of gloves {Str+3}
Will    +....                   (no boots)
Stlth   ++........              (no amulet)
HPRegen 0.23/turn               z - ring of wizardry
MPRegen 0.12/turn               s - +6 ring of strength

@: lethally poisoned (-6 -> -53), on berserk cooldown, slowed, very slow
A: high MP 1, forlorn, divine attributes, mutation resistance 1
a: no special abilities


You were on level 8 of the Dungeon.
You visited 1 branch of the dungeon, and saw 8 of its levels.

You collected 485 gold pieces.

Inventory:

Hand Weapons
 a - a +0 short sword
 i - a +3 vorpal long sword (weapon)
 v - a +1 flail of protection
Armour
 b - a +0 leather armour
 j - a +2 pair of gloves of strength (worn)
 k - a +0 chain mail
 o - a +0 ring mail of willpower (worn)
 u - the +2 hat of the Albatross (worn) {Str+3}
   (You acquired it on level 4 of the Dungeon)

   Str:       It affects your strength (+3).
 F - a +0 plate armour
Jewellery
 s - a +6 ring of strength (right hand)
 x - a ring of flight
 z - a ring of wizardry (left hand)
Wands
 g - a wand of digging (3)
 D - a wand of charming (5)
Scrolls
 c - 4 scrolls of fog
 d - 2 scrolls of magic mapping
 e - 2 scrolls of fear
 f - a scroll of identify
 h - a scroll of vulnerability
 n - 2 scrolls of blinking
 t - 6 scrolls of teleportation
 w - 2 scrolls of enchant weapon
 y - a scroll of enchant armour
Potions
 l - a potion of heal wounds
 m - 4 potions of flight
 r - a potion of curing
 A - a potion of magic {unknown}
 B - a potion of degeneration {unknown}
 C - a potion of experience {unknown}
 E - a potion of invisibility {unknown}


   Skills:
 + Level 8.3 Fighting
 - Level 1.8(3.5) Short Blades
 - Level 4.7(5.0) Long Blades
 - Level 5.0 Armour
 - Level 5.0 Dodging
 - Level 4.5 Stealth
 - Level 3.0 Air Magic
 - Level 4.0 Evocations


You had 5 spell levels left.
You knew the following spells:

 Your Spells              Type           Power      Damage    Failure   Level
a - Swiftness             Air            9%         N/A       12%         3

Your spell library contained the following spells:

 Spells                   Type           Power      Damage    Failure   Level
 Ensorcelled Hibernation  Hex/Ice        0%         N/A       21%         2
 Passwall                 Tmut/Erth      0%         N/A       21%         2
 Call Canine Familiar     Summ           0%         N/A       38%         3
 Portal Projectile        Hex/Tloc       0%         N/A       38%         3
 Leda's Liquefaction      Hex/Erth       0%         N/A       77%         4
 Malign Gateway           Summ/Tloc      0%         N/A       100%        7
 Summon Horrible Things   Summ           0%         N/A       100%        8


Dungeon Overview and Level Annotations

Branches:
Dungeon (8/15)             Temple (0/1) D:6
   Lair: D:8-11

Annotations:
D:5 exclusions: iguana and 1 more exclusion
D:6 3 runed translucent doors, Patoropollo's ghost, novice MiFi


Innate Abilities, Weirdness & Mutations

You have an increased reservoir of magic. (+10% MP)
You shall have no god before yourself.
Your divine heritage dramatically boosts your attributes as you level up.
You are somewhat resistant to further mutation.


Message History

You feel extremely sick.
You closely miss Amaemon.
Amaemon is almost dead.
You feel very sick. The orange demon stings you!
You are more poisoned.
The orange demon poisons you!
The orange demon hits you but does no damage.
Amaemon hits you with a +0 demon whip of venom.
You are lethally poisoned!
Amaemon closely misses you. Amaemon tail-slaps you.
You closely miss Amaemon.
Amaemon is almost dead.
* * * LOW HITPOINT WARNING * * *
You feel extremely sick. The orange demon closely misses you.
The orange demon barely misses you.
Amaemon hits you with a +0 demon whip of venom!
* * * LOW HITPOINT WARNING * * *
You are more poisoned.
Amaemon claws you.
* * * LOW HITPOINT WARNING * * *
Amaemon tail-slaps you.
* * * LOW HITPOINT WARNING * * *
You slash Amaemon!
You kill Amaemon!
* * * LOW HITPOINT WARNING * * *
You feel extremely sick. The orange demon closely misses you. x2
Training target 5.0 for Long Blades reached!
Your base Long Blades skill increases to level 4!
You need to enable at least one skill for training.
* * * LOW HITPOINT WARNING * * *
You feel extremely sick.
You are too berserk!
You are too berserk!
You feel a strong urge to attack something.
You are no longer berserk.
You are exhausted.
You feel yourself slow down.
You die...

#....# #....# ..#
#....# ..# #....# ...+
#....# ...#
#....############ ....#
#.........##....##....#
#................4....#
#.............@..)....#
#######..............>#
#...##....#.....+
###########.....#
.##### ##


You could see an orange demon.

Vanquished Creatures
  Amaemon (D:8)
  Pikel (D:5)
  A yak (D:7)
  Edmund (D:5)
  2 water moccasins
  2 orc warriors (D:7)
  A sky beast (D:6)
  An ice beast (D:7)
  A black bear (D:6)
  3 lemures (D:5)
  3 phantoms
  2 necrophages
  3 bullfrogs
  3 scorpions
  A lava snake (D:7)
  3 jellies
  A hound (D:6)
  2 gnoll shamans
  2 orc priests (D:5)
  4 iguanas
  5 orc wizards
  8 gnolls
  4 adders
  A white imp (D:6)
  A worm (D:2)
  2 dart slugs
  25 orcs
  3 endoplasms
  3 giant cockroaches (D:1)
  5 goblins
  10 hobgoblins
  4 jackals (D:4)
  5 kobolds
  6 quokkas
  5 ball pythons
  3 bats
  A frilled lizard (D:1)
  3 rats
132 creatures vanquished.

Vanquished Creatures (collateral kills)
  Menkaure (D:7)
1 creature vanquished.

Grand Total: 133 creatures vanquished

Notes
Turn   | Place    | Note
-------+----------+-------------------------------------------
     0 | D:5      | enile the Demigod Delver began the quest for the Orb.
     0 | D:5      | Reached XP level 1. HP: 18/18 MP: 3/3
    72 | D:5      | Noticed an iguana
    94 | D:5      | Noticed a lemure
   130 | D:5      | Noticed an orc priest
   163 | D:4      | Noticed a scorpion
   194 | D:4      | Noticed a jelly
   307 | D:2      | Reached skill level 3 in Fighting
   484 | D:2      | Reached XP level 2. HP: 16/26 MP: 4/4
  1198 | D:1      | Reached XP level 3. HP: 31/31 MP: 5/5
  1392 | D:1      | Reached skill level 1 in Long Blades
  2083 | D:3      | Noticed a scorpion
  2092 | D:3      | Killed a scorpion
  2093 | D:3      | Reached XP level 4. HP: 38/38 MP: 6/6
  2145 | D:3      | Reached skill level 1 in Armour
  2358 | D:4      | Noticed a water moccasin
  2375 | D:4      | Killed a water moccasin
  2376 | D:4      | Reached XP level 5. HP: 45/45 MP: 7/7
  2566 | D:4      | Identified a scroll of acquirement
  2566 | D:4      | Acquired the +2 hat of the Albatross {Str+3}
  2626 | D:4      | Reached XP level 6. HP: 20/51 MP: 8/8
  3190 | D:5      | Noticed Edmund
  3208 | D:5      | Killed Edmund
  3209 | D:5      | Reached skill level 5 in Armour
  3459 | D:5      | Reached XP level 7. HP: 57/57 MP: 9/9
  3482 | D:5      | Noticed Pikel
  4003 | D:5      | Killed Pikel
  4004 | D:5      | Reached skill level 5 in Dodging
  4004 | D:5      | Reached skill level 5 in Fighting
  4167 | D:5      | Reached XP level 8. HP: 69/69 MP: 10/10
  4546 | D:6      | Reached skill level 6 in Fighting
  4546 | D:6      | Reached skill level 1 in Evocations
  5245 | D:6      | Found a runed translucent gate.
  5245 | D:6      | Found a runed translucent gate.
  5245 | D:6      | Found a runed translucent gate.
  5245 | D:6      | Noticed Patoropollo's ghost (novice MiFi)
  5596 | D:6      | Learned a level 3 spell: Swiftness
  5731 | D:6      | Found a staircase to the Ecumenical Temple.
  5968 | D:7      | Noticed Menkaure
  5982 | D:7      | Reached skill level 7 in Fighting
  6019 | D:7      | Killed Menkaure
  6428 | D:7      | Reached XP level 9. HP: 76/81 MP: 11/11
  6504 | D:7      | Reached skill level 8 in Fighting
  6504 | D:7      | Reached skill level 1 in Air Magic
  7411 | D:8      | Noticed an orange demon
  7414 | D:8      | Noticed Amaemon
  7415 | D:8      | Gained mutation: You are somewhat resistant to further
                  | mutation. [potion of mutation]
  7428 | D:8      | Killed Amaemon
  7429 | D:8      | HP: 1/121 [poisoned by Amaemon]
  7430 | D:8      | Succumbed to Amaemon's poison

Illustrated notes

Levels and vault maps discovered:
D:1:      lemuel_arrival_funnel, layout_basic, chequers_ecumenical_altar_island
D:2:      layout_rooms, grunt_ministairs_3
D:3:      layout_rooms
D:4:      layout_cave_pools, zin_academy, mainiacjoe_overflow_alcove_1,
          lemuel_coloured_pillars_altar
D:5:      layout_loops_ring, mainiacjoe_overflow_tiny_flanked,
          kennysheep_generic_room_15, uniq_edmund, uniq_pikel
D:6:      layout_cave_pools, minmay_temple_entry_glass,
          ebering_ghost_rock_garden
D:7:      layout_gridville, grunt_temple_overflow_open, nicolae_lava_and_water,
          uniq_menkaure
D:8:      layout_gridville, uniq_grum, uniq_amaemon

Skill      XL: |  1  2  3  4  5  6  7  8  9 |
---------------+----------------------------+-----
Fighting       | 3 5 7 8 |  8.3
Dodging        | 2 3 4 5 |  5.0
Long Blades    | 2 4 |  4.7
Armour         | 3 4 5 |  5.0
Evocations     | 4 |  4.0
Air Magic      | 3 |  3.0
Short Blades   | |  1.8
Stealth        | |  4.5

Action                   |  1- 3 |  4- 6 |  7- 9 || total
-------------------------+-------+-------+-------++-------
Melee: Long sword        |    95 |    75 |   250 ||   420
       Short sword       |       |     1 |       ||     1
       Punch             |       |       |     3 ||     3
       Flail             |       |       |    13 ||    13
Throw: Boomerang         |       |     5 |       ||     5
Evoke: Wand              |       |       |     1 ||     1
  Use: Potion            |     2 |     4 |     6 ||    12
       Scroll            |     2 |    11 |     3 ||    16
 Stab: Sleeping          |     5 |     3 |    10 ||    18
Armor: Chain mail        |    17 |       |       ||    17
       Ring mail         |    15 |    28 |   124 ||   167
Dodge: Dodged            |    55 |    43 |   208 ||   306

Table legend: (Time is in decaauts)
 A = Elapsed time spent in this place.
 B = Non-inter-level travel time spent in this place.
 C = Inter-level travel time spent in this place.
 D = Time resting spent in this place.
 E = Time spent auto-exploring this place.
 F = Levels seen in this place.
 G = Mean time per level.
                   A        B        C        D        E       F      G
               +--------+--------+--------+--------+--------+-----+--------+
         Total |   7551 |   7225 |    326 |    713 |   5185 |   8 |  943.9 |
       Dungeon |   7551 |   7225 |    326 |    713 |   5185 |   8 |  943.9 |
               +--------+--------+--------+--------+--------+-----+--------+

Top non-repeatable levels by time:
     D:5: 1941 daAuts
     D:7: 1598 daAuts
     D:6: 954 daAuts
     D:2: 918 daAuts
     D:4: 842 daAuts
     D:1: 826 daAuts
     D:3: 418 daAuts
     D:8: 51 daAuts
